 Dungeon Crawl Stone Soup version 0.30.0-10-gfe55d96785 (webtiles) character file.

Game seed: 3936575485917024896

165 Kranky the Poker (level 5, -6/46 HPs)
             Began as a Minotaur Gladiator on May 14, 2023.
             Mangled by an iguana (11 damage)
             ... on level 4 of the Dungeon.
             The game lasted 00:04:58 (2506 turns).

Kranky the Poker (Minotaur Gladiator)               Turns: 2506, Time: 00:04:58

Health: -6/46      AC:  9    Str: 20    XL:     5   Next: 21%
Magic:  4/4        EV:  9    Int:  5    God:
Gold:   173        SH:  0    Dex: 12    Spells: 4/4 levels left

rFire   . . .        a - +0 trident
rCold   . . .        (no shield)
rNeg    . . .        w - +0 chain mail
rPois   .            c - +0 hat
rElec   .            (no cloak)
rCorr   .            (no gloves)
SInv    .            (no boots)
Will    .....        (no amulet) Stlth
                     (no ring)
HPRegen 0.27/turn    (no ring)
MPRegen 0.09/turn

%: no passive effects
@: no status effects
A: horns 2, retaliatory headbutt
a: no special abilities


You were on level 4 of the Dungeon.
You visited 1 branch of the dungeon, and saw 4 of its levels.

You collected 173 gold pieces.

Inventory:

Hand Weapons
 a - a +0 trident (weapon)
Missiles
 d - 3 throwing nets (quivered)
 e - a javelin
Armour
 b - a +0 leather armour
 c - a +0 hat (worn)
 w - a +0 chain mail (worn)
Wands
 n - a wand of flame (23)
Scrolls
 f - a scroll of blinking {unknown}
 g - a scroll of fear {unknown}
 h - a scroll of immolation {unknown}
 j - a scroll of teleportation {unknown}
 m - 2 scrolls of identify {unknown}
 p - 2 scrolls of torment {unknown}
 x - a scroll of fog {unknown}
Potions
 i - a potion of brilliance {unknown}
 k - 3 potions of heal wounds {unknown}
 l - a potion of invisibility {unknown}
 o - 2 potions of curing {unknown}
 q - a potion of resistance {unknown}
 r - a potion of cancellation {unknown}
 s - a potion of berserk rage {unknown}
 t - 2 potions of lignification {unknown}
 u - a potion of haste {unknown}
 v - a potion of might {unknown}


   Skills:
 + Level 4.2 Fighting
 + Level 5.1 Polearms
 - Level 2.0 Throwing
 + Level 3.3 Armour
 - Level 3.2 Dodging


You had 4 spell levels left.
You didn't know any spells.
Your spell library was empty.

Dungeon Overview and Level Annotations

Branches:
Dungeon (4/15)
 Temple: D:4-7

Altars:
Yredelemnul
Zin

Annotations:
D:4 Menkaure


Innate Abilities, Weirdness & Mutations

You have a pair of horns on your head.
You reflexively headbutt those who attack you in melee.


Message History

o - 2 clear potions (gained 1)
An adder comes into view.
The adder hisses angrily.
The adder moves out of view.
An adder is nearby!
You reach to attack!
You puncture the adder!
The adder is almost dead.
You closely miss the adder.
The adder is almost dead.
The adder bites you but does no damage.
You puncture the adder!
You kill the adder!
No target in view!
You now have 157 gold pieces (gained 11).
You now have 173 gold pieces (gained 16).
A kobold comes into view. It is wielding a +0 whip.
The kobold shouts!
You hear an angry hiss.
A kobold is nearby!
A kobold is nearby!
You reach to attack!
You puncture the kobold!
You kill the kobold!
An iguana comes into view.
Menkaure, Prince of Dust comes into view.
Menkaure shouts!
Menkaure calls on the powers of darkness!
Your body is wracked with pain!
There are monsters nearby!
You reach to attack!
You hit Menkaure.
Menkaure is lightly damaged.
Menkaure points at you and mumbles some strange words.
Pain shoots through your body!
You are too injured to fight recklessly!
Found a rapier and a ring mail.
Menkaure hits you!
* * * LOW HITPOINT WARNING * * *
You puncture Menkaure!
Menkaure is heavily damaged.
You puncture Menkaure!
Menkaure is severely damaged.
Menkaure barely misses you. The iguana bites you!
You die...

.##.##.........# .
#.###.#...#..##
###.....###.....##
.#.......#..###..########
.............#..........#
..#.....#.........#..##.#
..##...##.........##)..#
..#.....#.........#.....#
.............#..@l........
.#.......#..###.M#.......#
###.....###. ...###.....##
.#..###.. ...... .###..
..... [.).... .. #...
.#..... .. # . ##...# .. #
.... ...


You could see Menkaure and an iguana.

Vanquished Creatures
  Terence (D:2)
  8 adders
  A worm (D:3)
  A dart slug (D:1)
  4 orcs (D:3)
  4 bats
  6 endoplasms
  2 giant cockroaches (D:3)
  7 goblins
  3 hobgoblins
  2 jackals (D:1)
  3 quokkas
  3 ball pythons
  3 frilled lizards
  5 kobolds
  7 rats
60 creatures vanquished.

Vanquished Creatures (others)
  A kobold (D:4)
1 creature vanquished.

Grand Total: 61 creatures vanquished

Notes
Turn   | Place    | Note
-------+----------+-------------------------------------------
     0 | D:1      | Kranky the Minotaur Gladiator began the quest for the Orb.
     0 | D:1      | Reached XP level 1. HP: 18/18 MP: 0/0
   171 | D:1      | Reached skill level 1 in Armour
   206 | D:1      | Reached XP level 2. HP: 25/25 MP: 1/1
   363 | D:1      | Reached skill level 4 in Polearms
   754 | D:2      | Reached XP level 3. HP: 31/31 MP: 2/2
   916 | D:2      | Reached XP level 4. HP: 39/39 MP: 3/3
  1245 | D:2      | Noticed Terence
  1251 | D:2      | Killed Terence
  1501 | D:3      | Reached XP level 5. HP: 46/46 MP: 4/4
  1536 | D:3      | Reached skill level 5 in Polearms
  2207 | D:3      | Found a glowing silver altar of Zin.
  2421 | D:4      | Found a basalt altar of Yredelemnul.
  2423 | D:4      | Noticed a profane servitor
  2499 | D:4      | Noticed Menkaure
  2506 | D:4      | Mangled by an iguana

Illustrated notes

Levels and vault maps discovered:
D:1:      sevenhm_arrival_forest_fort_small_6, layout_loops_ring, serial_forest,
          infiniplex_forest_clump_curved, infiniplex_forest_clump_curved,
          infiniplex_forest_clump_curved, infiniplex_forest_lined_4_way,
          infiniplex_forest_lined_room_3, infiniplex_forest_lined_3_way,
          minmay_misc_feat_cross, hangedman_decor_opposing
D:2:      layout_rooms, uniq_terence
D:3:      layout_loops_corners, zin_scriptorium
D:4:      nicolae_cairo_tiling_large_dashed, layout_loops_cross,
          ashenzari_altar_1, nicolae_wu_jian_immortal_techniques,
          grunt_temple_overflow_holy_war, marbit_many_paths, minmay_quantized,
          uniq_menkaure

Skill      XL: |  1  2  3  4  5 |
---------------+----------------+-----
Armour         | 1 2 3 |  3.3
Polearms       | 4 5 |  5.1
Fighting       | 3 4 |  4.2
Throwing       | |  2.0
Dodging        | |  3.2

Action                     |  1- 3 |  4- 6 || total
---------------------------+-------+-------++-------
  Melee: Trident           |    62 |    91 ||   153
         Headbutt          |    11 |    10 ||    21
         Punch             |     2 |       ||     2
   Stab: Sleeping          |       |     2 ||     2
 Armour: Leather armour    |    11 |    13 ||    24
         Chain mail        |       |     1 ||     1
  Dodge: Dodged            |    29 |    26 ||    55
